 Dungeon Crawl Stone Soup version 0.30-a0-360-g447f08457e (webtiles) character file.

Game seed: 17111747173863379611

132 pokeman the Magician (level 4, -9/25 HPs)
             Began as a Deep Elf Hedge Wizard on Nov 13, 2022.
             Killed by nerve-wracking pain
             ... invoked by Menkaure
              (13 damage)
             ... on level 4 of the Dungeon.
             The game lasted 00:03:22 (2401 turns).

pokeman the Magician (Deep Elf Hedge Wizard)        Turns: 2401, Time: 00:03:23

Health: -9/25      AC:  3    Str:  7    XL:     4   Next: 92%
Magic:  4/13       EV: 13    Int: 21    God:
Gold:   191        SH:  0    Dex: 20    Spells: 6/14 levels left

rFire   . . .      SeeInvis .    a - +0 dagger
rCold   . . .      Faith    .    (no shield)
rNeg    . . .      Spirit   .    b - +0 robe
rPois   .          Reflect  .    c - +0 hat
rElec   .          Harm     .    (no cloak)
rCorr   .          Rampage  .    (no gloves)
Will    .....                    g - +0 pair of boots
Stlth   +++.......               (no amulet)
HPRegen 0.24/turn                f - +6 ring of dexterity
MPRegen 0.13/turn                (no ring)

@: no status effects
A: no striking features
a: no special abilities


You were on level 4 of the Dungeon.
You visited 1 branch of the dungeon, and saw 4 of its levels.

You collected 191 gold pieces.

Inventory:

Hand Weapons
 a - a +0 dagger (weapon)
Armour
 b - a +0 robe (worn)
 c - a +0 hat (worn)
 g - a +0 pair of boots (worn)
 p - a +0 buckler
Jewellery
 f - a +6 ring of dexterity (left hand)
Scrolls
 e - a scroll of enchant armour {unknown}
 h - a scroll of magic mapping {unknown}
 j - 2 scrolls of identify {unknown}
 k - a scroll of noise {unknown}
 l - 2 scrolls of fear {unknown}
Potions
 d - a potion of magic
 i - a potion of curing {unknown}
 m - a potion of heal wounds {unknown}
 n - a potion of cancellation {unknown}
 o - a potion of lignification {unknown}


   Skills:
 - Level 1.0 Fighting
 - Level 1.0 Armour
 + Level 2.9 Dodging
 - Level 3.0 Stealth
 + Level 0.0 Shields
 * Level 5.9 Spellcasting
 + Level 2.5 Conjurations
 - Level 1.1 Summonings
 - Level 1.1 Translocations


You had 6 spell levels left.
You knew the following spells:

 Your Spells              Type           Power      Damage    Failure   Level
a - Magic Dart            Conj           64%        1d6       3%          1
b - Mephitic Cloud        Conj/Pois/Air  9%         N/A       22%         3
c - Call Imp              Summ           10%        N/A       10%         2
d - Blink                 Tloc           20%        N/A       10%         2

Your spell library contained the following spells:

 Spells                   Type           Power      Damage    Failure   Level
 Slow                     Hex            24%        N/A       10%         1
 Cigotuvi's Dreadful Rot  Necr/Pois/Air  12%        N/A       16%         2
 Summon Guardian Golem    Hex/Summ       8%         N/A       24%         3
 Orb of Destruction       Conj           8%         9d6       100%        7
 Spellforged Servitor     Conj/Summ      6%         N/A       100%        7


Dungeon Overview and Level Annotations

Branches:
Dungeon (4/15)
 Temple: D:4-7

Altars:

Annotations:
D:3 Grinder
D:4 2 runed translucent doors, Menkaure; p00ps00p's ghost, novice HOFi


Message History

Casting: Magic Dart (safe; 3% risk of failure)
Confirm with . or Enter, or press ? or * to list all spells.
Aiming: Magic Dart (safe; 3% risk of failure)
Press: ? - help, Shift-Dir - straight line, f/p - Menkaure
Aim: Menkaure (heavily damaged, ally target, 100% to hit)
The magic dart hits Menkaure but does no damage.
Menkaure is heavily damaged.
Menkaure hums a few words.
Your crimson imp hits Menkaure but does no damage.
Casting: Magic Dart (safe; 3% risk of failure)
Confirm with . or Enter, or press ? or * to list all spells.
Aiming: Magic Dart (safe; 3% risk of failure)
Press: ? - help, Shift-Dir - straight line, f/p - Menkaure
Aim: Menkaure (heavily damaged, ally target, 100% to hit)
The magic dart hits Menkaure.
Menkaure is heavily damaged.
Menkaure hits you!!
Ouch! That really hurt!
* * * LOW HITPOINT WARNING * * *
Your crimson imp blinks!
Unknown command.
Casting: Magic Dart (safe; 3% risk of failure)
Confirm with . or Enter, or press ? or * to list all spells.
You blink.
Menkaure gestures wildly while chanting.
Menkaure seems to speed up.
Menkaure calls on the powers of darkness!
Your body is wracked with pain!
* * * LOW HITPOINT WARNING * * *
Menkaure calls on the powers of darkness!
Your body is wracked with pain!
* * * LOW HITPOINT WARNING * * *
Your crimson imp hits Menkaure but does no damage.
Menkaure calls on the powers of darkness!
You feel a surge of unholy energy.
You feel stable enough to blink again.
Menkaure points at you and mumbles some strange words.
Pain shoots through your body!
Ouch! That really hurt!
You die...

#.......#..# ..................#
'.......#..# ..............###+#
##......#..# ..............#....
##......# .#########....#....
.#.....#######+#.......######....
.#.....##..#.....................
.#..>..'...#.....................
.#.....#...#...............(.....
##....###..#....@................
##....###..#....##'##############
#......#...#....#...............#
#......#...#....#...............+
############....#..####..########
#...........M..##..#####'###...#.
#...........5..#...............#.
#...<..........#...............+.
#..............######.##.###...#.


You could see Menkaure (fast, ally target) and a friendly crimson imp
(summoned).

Vanquished Creatures
  2 adders
  An orc (D:4)
  6 endoplasms
  2 giant cockroaches
  2 hobgoblins
  4 jackals (D:1)
  3 kobolds
  5 quokkas
  6 ball pythons
  7 bats
  4 goblins
  5 rats
47 creatures vanquished.

Vanquished Creatures (collateral kills)
  A scorpion (D:4)
1 creature vanquished.

Grand Total: 48 creatures vanquished

Notes
Turn   | Place    | Note
-------+----------+-------------------------------------------
     0 | D:1      | pokeman the Deep Elf Hedge Wizard began the quest for the
                  | Orb.
     0 | D:1      | Reached XP level 1. HP: 10/10 MP: 7/7
   178 | D:1      | Reached XP level 2. HP: 5/16 MP: 1/9
   683 | D:1      | Reached skill level 5 in Spellcasting
  1196 | D:2      | Reached XP level 3. HP: 20/20 MP: 4/11
  1200 | D:2      | Learned a level 3 spell: Mephitic Cloud
  1203 | D:2      | Learned a level 2 spell: Call Imp
  1206 | D:2      | Learned a level 2 spell: Blink
  1436 | D:2      | You fall into a shaft and drop 2 floors!
  1665 | D:4      | Reached skill level 1 in Fighting
  1665 | D:4      | Reached skill level 1 in Armour
  1718 | D:4      | Found a large runed translucent door.
  1718 | D:4      | Found a large runed translucent door.
  1722 | D:4      | Noticed p00ps00p's ghost (novice HOFi)
  1964 | D:3      | Reached XP level 4. HP: 25/25 MP: 11/13
  2147 | D:3      | Noticed Grinder
  2180 | D:4      | Noticed a scorpion
  2190 | D:4      | Killed a scorpion
  2265 | D:4      | Noticed Menkaure
  2401 | D:4      | Killed from afar by Menkaure

Illustrated notes

Levels and vault maps discovered:
D:1:      nzn_arrival_water_spiral, layout_loops_ring
D:2:      layout_basic, basic_altar, minmay_vboxes
D:3:      wander_river, layout_rooms, chequers_decorated_corner, uniq_grinder
D:4:      layout_gridville, ebering_ghost_disaster_area, uniq_menkaure

Skill      XL: |  1  2  3  4 |
---------------+-------------+-----
Spellcasting   | 5 |  5.9
Fighting       | 1 |  1.0
Armour         | 1 |  1.0
Conjurations   | 2 |  2.5
Stealth        | 3 |  3.0
Dodging        | |  2.9
Summonings     | |  1.1
Translocations | |  1.1

Action                   |  1- 3 |  4- 6 || total
-------------------------+-------+-------++-------
Melee: Dagger            |    18 |     4 ||    22
       Punch             |     1 |       ||     1
 Cast: Magic Dart        |    96 |    10 ||   106
       Call Imp          |       |     2 ||     2
       Mephitic Cloud    |       |     1 ||     1
       Blink             |       |     1 ||     1
 Stab: Confused          |       |     1 ||     1
Armor: Robe              |     9 |     3 ||    12
Dodge: Dodged            |    16 |     4 ||    20

Table legend: (Time is in decaauts)
 A = Elapsed time spent in this place.
 B = Non-inter-level travel time spent in this place.
 C = Inter-level travel time spent in this place.
 D = Time resting spent in this place.
 E = Time spent auto-exploring this place.
 F = Levels seen in this place.
 G = Mean time per level.
                   A        B        C        D        E       F      G
               +--------+--------+--------+--------+--------+-----+--------+
         Total |   2405 |   2368 |     37 |    220 |   1859 |   4 |  601.2 |
       Dungeon |   2405 |   2368 |     37 |    220 |   1859 |   4 |  601.2 |
               +--------+--------+--------+--------+--------+-----+--------+

Top non-repeatable levels by time:
     D:1: 1184 daAuts
     D:4: 708 daAuts
     D:2: 256 daAuts
     D:3: 255 daAuts
